AAA EAST
ST. PAUL SAINTS @ IOWA CUBS
06/30/2041
 
TOP OF THE 1ST
St. Paul Saints batting - Pitching for Iowa Cubs : LHP Orlando Soto
Pitching: LHP Orlando Soto
Batting: SHB Víctor Martínez 0-0: Called Strike
0-1: Ball
1-1: Ball
2-1: Called Strike
2-2: Ball
3-2: DOUBLE (Line Drive, 78D, EV 96.3 MPH)
Batting: RHB Juan Juárez 0-0: Ground out 5-3 (Groundball, 56, EV 86.9 MPH)
Batting: SHB Ron Richards 0-0: Called Strike
0-1: Foul Ball, location: 2F
0-2: Ball
1-2: Ball
2-2: Strikes out swinging
Batting: LHB Joe McMahon 0-0: Called Strike
0-1: Called Strike
0-2: Ball
1-2: Strikes out swinging
Top of the 1st over - 0 runs, 1 hit, 0 errors, 1 left on base; St. Paul 0 - Iowa 0
BOTTOM OF THE 1ST
Iowa Cubs batting - Pitching for St. Paul Saints : LHP Jesús Martínez
Pitching: LHP Jesús Martínez
Batting: RHB José Rosário 0-0: Fly out, F7 (Flyball, 78S, EV 89.4 MPH)
Batting: RHB Donmaz Chavchavadze 0-0: Foul Ball, location: 9LSF
0-1: Ball
1-1: DOUBLE (Groundball, 5L, EV 105.6 MPH)
Batting: LHB Joe Walter 0-0: Swinging Strike
0-1: Swinging Strike
0-2: Ground out 4-3 (Groundball, 4S, EV 68.8 MPH)
Donmaz Chavchavadze to third
Batting: RHB José Féliz 0-0: Called Strike
0-1: Ball
1-1: Ball
2-1: Fly out, F7 (Line Drive, 78M, EV 96.3 MPH)
Bottom of the 1st over - 0 runs, 1 hit, 0 errors, 1 left on base; St. Paul 0 - Iowa 0
TOP OF THE 2ND
St. Paul Saints batting - Pitching for Iowa Cubs : LHP Orlando Soto
Batting: LHB José Toledo 0-0: Ball
1-0: Called Strike
1-1: Ball
2-1: Ball
3-1: Fly out, F9 (Flyball, 9, EV 81.3 MPH)
Batting: RHB Juan Quintana 0-0: Called Strike
0-1: Ball
1-1: Foul Ball, location: 9LSF
1-2: Ground out 5-3 (Groundball, 56S, EV 71.3 MPH)
Batting: LHB Jeremy Rossano 0-0: Ball
1-0: Ball
2-0: Called Strike
2-1: SINGLE (Line Drive, 89M, EV 98.1 MPH)
Batting: RHB Ángelo Sánchez 0-0: Fly out, F3 (Popup, 3, EV 63.1 MPH)
Top of the 2nd over - 0 runs, 1 hit, 0 errors, 1 left on base; St. Paul 0 - Iowa 0
BOTTOM OF THE 2ND
Iowa Cubs batting - Pitching for St. Paul Saints : LHP Jesús Martínez
Batting: RHB Tony Aguirre 0-0: Ball
1-0: Ball
2-0: Swinging Strike
2-1: Fly out, F6 (Popup, 6, EV 73.1 MPH)
Batting: RHB Charlie Roe 0-0: Foul Ball, location: 2F
0-1: Foul Ball, location: 5F
0-2: Ball
1-2: Strikes out swinging, 2-3 out at first.
Batting: RHB Víctor Aquino 0-0: SINGLE (Line Drive, 3D, EV 107.5 MPH)
Batting: RHB Jimmy Shaw 0-0: Ball
1-0: Swinging Strike
1-1: Foul Ball, location: 5FF
1-2: Fielders Choice at 2nd, 6-4 (Groundball, 6, EV 82.5 MPH)
Bottom of the 2nd over - 0 runs, 1 hit, 0 errors, 1 left on base; St. Paul 0 - Iowa 0
TOP OF THE 3RD
St. Paul Saints batting - Pitching for Iowa Cubs : LHP Orlando Soto
Batting: RHB Alan Bolden 0-0: Called Strike
0-1: Foul Ball, location: 2F
0-2: Foul Ball, location: 3DF
0-2: Ground out 5-3 (Groundball, 5, EV 85.6 MPH)
Batting: SHB Víctor Martínez 0-0: Ground out 5-3 (Groundball, 15, EV 81.9 MPH)
Batting: RHB Juan Juárez 0-0: Ball
1-0: Fly out, F8 (Flyball, 8LD, EV 97.5 MPH)
Top of the 3rd over - 0 runs, 0 hits, 0 errors, 0 left on base; St. Paul 0 - Iowa 0
BOTTOM OF THE 3RD
Iowa Cubs batting - Pitching for St. Paul Saints : LHP Jesús Martínez
Batting: RHB Luis Álvarez 0-0: Foul Ball, location: 5F
0-1: Swinging Strike
0-2: Strikes out swinging
Batting: RHB José Rosário 0-0: SINGLE (Groundball, 6, EV 77.5 MPH)
Batting: RHB Donmaz Chavchavadze 0-0: Ball
1-0: Called Strike
1-1: Ball
2-1: DOUBLE (Line Drive, 89D, EV 108.1 MPH)
José Rosário to third
Runner from 3rd tries for Home, SAFE, throw by RF to home
Batting: LHB Joe Walter 0-0: Ball
1-0: Called Strike
Donmaz Chavchavadze steals 3rd base
1-1: SINGLE (Groundball, 4MD, EV 103.8 MPH)
Donmaz Chavchavadze scores
Batting: RHB José Féliz 0-0: Fly out, F7 (Flyball, 7S, EV 78.8 MPH)
Batting: RHB Tony Aguirre 0-0: Called Strike
0-1: Called Strike
0-2: Ball
1-2: Foul Ball, location: 5FF
1-2: Fly out, F4 (Popup, 3L, EV 77.5 MPH)
Bottom of the 3rd over - 2 runs, 3 hits, 0 errors, 1 left on base; St. Paul 0 - Iowa 2
TOP OF THE 4TH
St. Paul Saints batting - Pitching for Iowa Cubs : LHP Orlando Soto
Batting: SHB Ron Richards 0-0: DOUBLE (Groundball, 5L, EV 106.9 MPH)
Batting: LHB Joe McMahon 0-0: Called Strike
0-1: Ball
1-1: Ball
2-1: Called Strike
2-2: Ball
3-2: Ground out 4-3 (Groundball, 34, EV 78.1 MPH)
Ron Richards to third
Batting: LHB José Toledo 0-0: Called Strike
0-1: Called Strike
0-2: Strikes out swinging, 2-3 out at first.
Batting: RHB Juan Quintana 0-0: Called Strike
0-1: Foul Ball, location: 3FF
0-2: Ball
1-2: Ground out 6-3 (Groundball, P, EV 86.9 MPH)
Top of the 4th over - 0 runs, 1 hit, 0 errors, 1 left on base; St. Paul 0 - Iowa 2
BOTTOM OF THE 4TH
Iowa Cubs batting - Pitching for St. Paul Saints : LHP Jesús Martínez
Batting: RHB Charlie Roe 0-0: Ball
1-0: Fly out, F9 (Flyball, 89D, EV 103.1 MPH)
Batting: RHB Víctor Aquino 0-0: DOUBLE (Flyball, 89D, EV 98.8 MPH)
Batting: RHB Jimmy Shaw 0-0: Ball
1-0: Ground out 6-3 (Groundball, 6, EV 80.0 MPH)
Víctor Aquino to third
Batting: RHB Luis Álvarez 0-0: Fly out, F9 (Flyball, 9, EV 91.9 MPH)
Bottom of the 4th over - 0 runs, 1 hit, 0 errors, 1 left on base; St. Paul 0 - Iowa 2
TOP OF THE 5TH
St. Paul Saints batting - Pitching for Iowa Cubs : LHP Orlando Soto
Batting: LHB Jeremy Rossano 0-0: Called Strike
0-1: Swinging Strike
0-2: Foul Ball, location: 2F
0-2: Ball
1-2: Strikes out looking
Batting: RHB Ángelo Sánchez 0-0: Ball
1-0: Called Strike
1-1: Ball
2-1: Foul Ball, location: 2LF
2-2: Foul Ball, location: 3SF
2-2: SINGLE (Line Drive, 4D, EV 106.9 MPH)
Batting: RHB Alan Bolden 0-0: Grounds into double play, 5-4-3 (Groundball, 56S, EV 85.0 MPH)
Top of the 5th over - 0 runs, 1 hit, 0 errors, 0 left on base; St. Paul 0 - Iowa 2
BOTTOM OF THE 5TH
Iowa Cubs batting - Pitching for St. Paul Saints : LHP Jesús Martínez
Batting: RHB José Rosário 0-0: Called Strike
0-1: Ball
1-1: SINGLE (Groundball, 56S, EV 62.5 MPH) (infield hit)
Batting: RHB Donmaz Chavchavadze 0-0: Fly out, F8 (Line Drive, 8RM, EV 91.9 MPH)
Batting: LHB Joe Walter 0-0: Ball
José Rosário steals 2nd base
1-0: Called Strike
1-1: Swinging Strike
1-2: Strikes out swinging
Batting: RHB José Féliz 0-0: Fly out, F7 (Flyball, 7D, EV 107.5 MPH)
Bottom of the 5th over - 0 runs, 1 hit, 0 errors, 1 left on base; St. Paul 0 - Iowa 2
TOP OF THE 6TH
St. Paul Saints batting - Pitching for Iowa Cubs : LHP Orlando Soto
Batting: SHB Víctor Martínez 0-0: Ball
1-0: Called Strike
1-1: Called Strike
1-2: Foul Ball, location: 23FF
1-2: Ball
2-2: Ground out 6-3 (Groundball, 6, EV 88.1 MPH)
Batting: RHB Juan Juárez 0-0: Ball
1-0: Foul Ball, location: 2F
1-1: Ground out U3 (Groundball, 3, EV 86.3 MPH)
Batting: SHB Ron Richards 0-0: Ball
1-0: Called Strike
1-1: Foul Ball, location: 2F
1-2: Foul Ball, location: 23F
1-2: Ball
2-2: Foul Ball, location: 23F
2-2: Ball
3-2: Ground out 5-3 (Groundball, 56S, EV 92.5 MPH)
Top of the 6th over - 0 runs, 0 hits, 0 errors, 0 left on base; St. Paul 0 - Iowa 2
BOTTOM OF THE 6TH
Iowa Cubs batting - Pitching for St. Paul Saints : LHP Jesús Martínez
Batting: RHB Tony Aguirre 0-0: Ball
1-0: Called Strike
1-1: Foul Ball, location: 2F
1-2: Foul Ball, location: 9LMF
1-2: Foul Ball, location: 2F
1-2: Strikes out swinging
Batting: RHB Charlie Roe 0-0: Foul Ball, location: 25F
0-1: Foul Ball, location: 9LMF
0-2: Ball
1-2: Foul Ball, location: 2F
1-2: Foul Ball, location: 2F
1-2: Ball
2-2: Ball
3-2: SINGLE (Groundball, 34D, EV 95.0 MPH)
Batting: RHB Víctor Aquino 0-0: Called Strike
0-1: Foul Ball, location: 2F
0-2: Strikes out looking
Batting: RHB Jimmy Shaw 0-0: Ball
1-0: Ball
2-0: Called Strike
2-1: Foul Ball, location: 9LMF
2-2: Strikes out swinging
Bottom of the 6th over - 0 runs, 1 hit, 0 errors, 1 left on base; St. Paul 0 - Iowa 2
TOP OF THE 7TH
St. Paul Saints batting - Pitching for Iowa Cubs : LHP Orlando Soto
Batting: LHB Joe McMahon 0-0: Ball
1-0: Ball
2-0: SOLO HOME RUN (Flyball, 7D, EV 105.0 MPH), Distance : 383 ft
Batting: LHB José Toledo 0-0: Ground out 3-1 (Groundball, 34S, EV 81.9 MPH)
Batting: RHB Juan Quintana 0-0: Ball
1-0: Ball
2-0: Foul Ball, location: 2F
2-1: Foul Ball, location: 2F
2-2: Foul Ball, location: 2F
2-2: SINGLE (Line Drive, 9LM, EV 105.6 MPH)
Pinch Hitting: RHB Steve Thomas 0-0: Called Strike
0-1: Swinging Strike
0-2: Strikes out looking
Batting: RHB Ángelo Sánchez 0-0: Called Strike
Juan Quintana is caught stealing 2nd base 2-4
Top of the 7th over - 1 run, 2 hits, 0 errors, 0 left on base; St. Paul 1 - Iowa 2
BOTTOM OF THE 7TH
Iowa Cubs batting - Pitching for St. Paul Saints : LHP Jesús Martínez
Now in LF: Steve Thomas
Now in CF: Joe McMahon
Batting: RHB Luis Álvarez 0-0: Ball
1-0: Ground out U3 (Groundball, 34S, EV 84.4 MPH)
Batting: RHB José Rosário 0-0: Called Strike
0-1: Foul Ball, location: 23FF
0-2: SINGLE (Line Drive, 4M, EV 108.8 MPH)
Batting: RHB Donmaz Chavchavadze 0-0: Ball
1-0: Ball
2-0: Called Strike
2-1: Foul Ball, location: 2F
2-2: Strikes out swinging
Batting: LHB Joe Walter 0-0: Ball
José Rosário steals 2nd base
1-0: Fly out, F7 (Line Drive, 78M, EV 92.5 MPH)
Bottom of the 7th over - 0 runs, 1 hit, 0 errors, 1 left on base; St. Paul 1 - Iowa 2
TOP OF THE 8TH
St. Paul Saints batting - Pitching for Iowa Cubs : LHP Orlando Soto
Pitching: RHP Raúl González
Batting: RHB Ángelo Sánchez 0-0: Ball
1-0: Ball
2-0: Ball
3-0: Called Strike
3-1: Called Strike
3-2: Foul Ball, location: 2F
3-2: Base on Balls
Batting: RHB Alan Bolden 0-0: Ball
1-0: Bunted foul
1-1: Sac Bunt to 5S - play at first, batter OUT! 5-3
Ángelo Sánchez to second
Batting: SHB Víctor Martínez 0-0: Ball
1-0: Ball
2-0: Foul Ball, location: 2F
2-1: Foul Ball, location: 2F
2-2: Ball
3-2: DOUBLE (Line Drive, 9LS, EV 86.3 MPH)
Ángelo Sánchez scores
Batting: RHB Juan Juárez 0-0: Ball
1-0: Called Strike
1-1: Called Strike
1-2: Ball
2-2: Fielders Choice attempt at 3rd, Runner SAFE. 6-5 (Groundball, 6, EV 103.1 MPH)
Batting: SHB Ron Richards 0-0: Ball
1-0: Called Strike
1-1: Grounds into double play, 4-6-3 (Groundball, 4, EV 105.6 MPH)
Top of the 8th over - 1 run, 1 hit, 0 errors, 1 left on base; St. Paul 2 - Iowa 2
BOTTOM OF THE 8TH
Iowa Cubs batting - Pitching for St. Paul Saints : LHP Jesús Martínez
Batting: RHB José Féliz 0-0: Ball
1-0: Ball
2-0: Ball
3-0: Base on Balls
Batting: RHB Tony Aguirre 0-0: Foul Ball, location: 3F
0-1: SINGLE (Line Drive, 8RS, EV 105.0 MPH)
José Féliz to second
Batting: RHB Charlie Roe 0-0: Fielders Choice at 2nd, 1-6 (Groundball, 13, EV 70.6 MPH)
José Féliz to third
Batting: RHB Víctor Aquino 0-0: Called Strike
0-1: Ball
Charlie Roe is caught stealing 2nd base 2-4
1-1: Foul Ball, location: 2F
1-2: Ball
2-2: DOUBLE (Flyball, 78XD, EV 110.0 MPH)
José Féliz scores
Batting: RHB Jimmy Shaw 0-0: Called Strike
0-1: Ball
1-1: Ball
2-1: Foul Ball, location: 9LMFF
2-2: DOUBLE (Line Drive, 78M, EV 93.1 MPH)
Víctor Aquino scores
Pitching: RHP Robby McGrath
Batting: RHB Luis Álvarez 0-0: Foul Ball, location: 25FF
0-1: Called Strike
0-2: Foul Ball, location: 3FF
0-2: Ball
1-2: Strikes out swinging
Bottom of the 8th over - 2 runs, 3 hits, 0 errors, 1 left on base; St. Paul 2 - Iowa 4
TOP OF THE 9TH
St. Paul Saints batting - Pitching for Iowa Cubs : RHP Raúl González
Pitching: RHP Mike Harris
Now at 2B: Doug Conway
Batting: LHB Joe McMahon 0-0: Foul Ball, location: 9LDF
0-1: Foul Ball, location: 5F
0-2: Strikes out looking
Batting: LHB José Toledo 0-0: Ball
1-0: Ball
2-0: Called Strike
2-1: Ball
3-1: DOUBLE (Flyball, 89D, EV 92.5 MPH)
Batting: RHB Juan Quintana 0-0: Ball
1-0: Called Strike
1-1: Foul Ball, location: 2F
1-2: Foul Ball, location: 2F
1-2: Foul Ball, location: 25F
1-2: Strikes out swinging
Batting: RHB Steve Thomas 0-0: Foul Ball, location: 2F
0-1: Swinging Strike
0-2: Ball
1-2: Strikes out swinging
Top of the 9th over - 0 runs, 1 hit, 0 errors, 1 left on base; St. Paul 2 - Iowa 4
Monday, April 1st , 2024 - OOTP Baseball 24.10 Build 82